 Dungeon Crawl Stone Soup version 0.30.0-5-g1a98f26d00 (webtiles) character file.

Game seed: 4618269838922121032

33 SnakkuSnakku7 the Sneak (level 3, -7/27 HPs)
             Began as a Vampire Hedge Wizard on May 12, 2023.
             Mangled by Natasha (10 damage)
             ... on level 2 of the Dungeon.
             The game lasted 00:02:04 (975 turns).

SnakkuSnakku7 the Sneak (Vampire Hedge Wizard)       Turns: 975, Time: 00:02:05

Health: -7/27      AC:  2    Str: 11    XL:     3   Next: 12%
Magic:  7/7        EV: 12    Int: 16    God:
Gold:   75         SH:  0    Dex: 13    Spells: 7/8 levels left

rFire   . . .        a - +0 dagger (flame)
rCold   . . .        (no shield)
rNeg    . . .        b - +0 robe
rPois   .            c - +0 hat
rElec   .            (no cloak)
rCorr   .            (no gloves)
SInv    +            (no boots)
Will    .....        (no amulet)
Stlth   ++           i - ring of flight
HPRegen 0.44/turn    (no ring)
MPRegen 0.10/turn

%: no passive effects
@: flying, healing quickly, slowed, invisible, very slow
A: alive, fangs 3, see invisible, vampiric 2
a: Exsanguinate


You were on level 2 of the Dungeon.
You visited 1 branch of the dungeon, and saw 2 of its levels.

You collected 75 gold pieces.

Inventory:

Hand Weapons
 a - a +0 dagger of flaming (weapon)
Armour
 b - a +0 robe (worn)
 c - a +0 hat (worn)
Jewellery
 i - a ring of flight (left hand)
Scrolls
 e - 2 scrolls of identify
 n - a scroll of vulnerability {unknown}
Potions
 d - a potion of magic
 f - a potion of flight {unknown}
 g - 2 potions of mutation {unknown}
 h - a potion of might
 j - a potion of invisibility
 m - 2 potions of curing
 p - a potion of berserk rage {unknown}
 q - a potion of brilliance
 r - a potion of cancellation {unknown}


   Skills:
 + Level 1.7 Fighting
 - Level 2.1 Dodging
 - Level 3.0 Stealth
 + Level 2.0 Unarmed Combat
 - Level 3.0 Spellcasting
 - Level 0.6 Conjurations
 - Level 1.0 Summonings
 - Level 0.7 Translocations


You had 7 spell levels left.
You knew the following spells:

 Your Spells              Type           Power      Damage    Failure   Level
a - Magic Dart            Conj           16%        1d3       14%         1

Your spell library contained the following spells:

 Spells                   Type           Power      Damage    Failure   Level
 Slow                     Hex            8%         N/A       19%         1
 Call Imp                 Summ           10%        N/A       19%         2
 Blink                    Tloc           8%         N/A       22%         2
 Cigotuvi's Dreadful Rot  Necr/Pois/Air  4%         N/A       28%         2
 Mephitic Cloud           Conj/Pois/Air  3%         N/A       45%         3


Dungeon Overview and Level Annotations

Branches:
Dungeon (2/15)

Altars:

Annotations:
D:2 Natasha


Innate Abilities, Weirdness & Mutations

Your natural rate of healing is accelerated.
You have razor-sharp teeth.
You have supernaturally acute eyesight. (SInv)
You are afflicted with vampirism and can become a bat while bloodless.


Message History

An endoplasm is nearby!
Natasha, Servant of Life and Death comes into view.
Natasha hisses angrily.
Natasha drinks a potion.
Natasha seems to grow stronger.
As you read the scroll labelled WEACLU GEUSYA, it crumbles to dust.
It is a scroll of identify.
q - a potion of brilliance The air fills with toxic fumes!
As you read the scroll labelled ROZYSHRU TAZIC, it crumbles to dust.
It was a scroll of poison.
Natasha casts a spell at you. The magic dart hits you!
Unknown command.
Really fly into that cloud of poison gas?
Okay, then.
You aren't carrying any items that you can evoke.
Unknown command.
It was a potion of invisibility.
You fade into invisibility!
Natasha barely misses you.
It was a potion of curing.
You feel better.
The endoplasm quivers.
Natasha claws you!
As you read the scroll labelled PIETUU WILUT, it crumbles to dust.
It is a scroll of amnesia.
Really abort (and waste the scroll)?
Okay, then.
Natasha casts a spell at you.
You feel yourself slow down.
As you read the scroll labelled HUNNANN KIUR, it crumbles to dust.
It is a scroll of brand weapon.
Your +0 dagger is engulfed in flames!
a - a +0 dagger of flaming (weapon)
Natasha claws you!
Ouch! That really hurt!
* * * LOW HITPOINT WARNING * * *
The endoplasm hits you.
* * * LOW HITPOINT WARNING * * *
Natasha claws you!
You die...

.##.###.## .........#
§§§§§ †........# §§§§§
.........##########§§§§§
......#.##§§§§§§§§§§§§§§
......#.##§§§§§§§§§§§§§§
......#.##§§§§§§§§§§§§§§
......#.##§§§§§§§§§§§§§§
......#..§§§§§§§@J§§§§§§
......#.##§§§§§§h§§§§§§§
......#.##§§§§§§§§§§§§§§
.#.####.##§§§§§§§§§.§§§§
.#.# #.#§§§§§§§§§§§§§§§
.#.# #.#§§§§§§§§§§§§§§§
...####.#§§§§§§§§§§§§§§§
.....##.#####§§§§§§§§§§§
....†....)....


You could see Natasha (strong) and an endoplasm.

Vanquished Creatures
  An adder (D:2)
  3 endoplasms (D:1)
  2 giant cockroaches (D:1)
  A goblin (D:2)
  4 hobgoblins
  3 kobolds (D:1)
  A quokka (D:1)
  3 ball pythons (D:1)
  2 bats (D:1)
  2 frilled lizards (D:1)
22 creatures vanquished.

Notes
Turn   | Place    | Note
-------+----------+-------------------------------------------
     0 | D:1      | SnakkuSnakku7 the Vampire Hedge Wizard began the quest for
                  | the Orb.
     0 | D:1      | Reached XP level 1. HP: 13/13 MP: 4/4
   124 | D:1      | Reached skill level 1 in Unarmed Combat
   252 | D:1      | Reached skill level 1 in Fighting
   252 | D:1      | Reached XP level 2. HP: 4/21 MP: 6/6
   815 | D:2      | Gained mutation: You are afflicted with vampirism and can
                  | become a bat while bloodless. [Vampire growth]
   815 | D:2      | Reached XP level 3. HP: 19/26 MP: 3/7
   966 | D:2      | Noticed Natasha
   975 | D:2      | Mangled by Natasha

Illustrated notes

Levels and vault maps discovered:
D:1:      dpeg_arrival_line_fractal, layout_basic, st_stairs_14
D:2:      layout_basic, minmay_lizard_king, uniq_natasha

Skill      XL: |  1  2 |
---------------+-------+-----
Unarmed Combat | 1 2 |  2.0
Fighting       | 1 |  1.7
Dodging        | |  2.1
Stealth        | |  3.0
Spellcasting   | |  3.0
Conjurations   | |  0.6
Summonings     | |  1.0
Translocations | |  0.7

Action                     || total
---------------------------++-------
  Melee: Dagger            ||   100
         Bite              ||     9
         Punch             ||     1
   Cast: Magic Dart        ||     6
    Use: Scroll            ||     4
         Potion            ||     2
   Stab: Sleeping          ||     3
 Armour: Robe              ||    12
  Dodge: Dodged            ||    62
